 Dungeon Crawl Stone Soup version 0.31.0-10-gcf4a605ca0 (webtiles) character file.

Game seed: 4865945764483248506

6259 SnakkuSnakku7 the Brawler (level 10, -2/90 HPs)
             Began as a Ghoul Summoner on Jan 26, 2024.
             Was a High Priest of Uskayaw.
             Slain by a centaur warrior (6 damage)
             ... on level 9 of the Dungeon.
             The game lasted 00:09:46 (7477 turns).

SnakkuSnakku7 the Brawler (Ghoul Summoner)          Turns: 7477, Time: 00:09:47

Health: -2/90      AC: 10    Str: 17    XL:     10   Next: 93%
Magic:  12/12      EV:  7    Int: 14    God:    Uskayaw [*****.]
Gold:   210        SH:  5    Dex:  9    Spells: 11/12 levels left

rFire   + .          .
                       - Unarmed
rCold   + . .        (no shield)
rNeg    + + +        p - +1 chain mail {rF+}
rPois   ∞            (no helmet)
rElec   .            r - +0 cloak
rCorr   .            (no gloves)
SInv    .            (no boots)
Will    .....        C - amulet of reflection Stlth
                     (no ring)
HPRegen 0.00/turn    (no ring)
MPRegen 0.13/turn

%: reflection
@: inhibited regen
A: claws 1, cold resistance 1, negative energy resistance 3, inhibited
regeneration, torment resistance 2, devour on kill
a: Renounce Religion, Stomp, Line Pass, Grand Finale


You were on level 9 of the Dungeon.
You worshipped Uskayaw.
Uskayaw was noncommittal.
You visited 2 branches of the dungeon, and saw 10 of its levels.
You also visited: Ossuary.

You collected 503 gold pieces.
You spent 293 gold pieces at shops.

Inventory:

Missiles
 n - a throwing net
Armour
 a - a +0 robe
 p - a +1 chain mail of fire resistance (worn)
 r - a +0 cloak (worn)
Jewellery
 C - an amulet of reflection (around neck)
Wands
 u - a wand of polymorph (6)
Scrolls
 c - 6 scrolls of noise {unknown}
 f - 4 scrolls of poison {unknown}
 g - 4 scrolls of fear
 h - 3 scrolls of teleportation {unknown}
 i - 4 scrolls of enchant weapon {unknown}
 k - 8 scrolls of identify {unknown}
 l - 3 scrolls of enchant armour {unknown}
 m - a scroll of blinking {unknown}
 o - 4 scrolls of fog {unknown}
 q - 3 scrolls of immolation {unknown}
 w - 2 scrolls of vulnerability {unknown}
 x - a scroll of brand weapon {unknown}
 y - a scroll of amnesia {unknown}
 E - a scroll of torment {unknown}
Potions
 b - 3 potions of magic
 d - 3 potions of ambrosia {unknown}
 e - 10 potions of curing {unknown}
 j - 3 potions of degeneration {unknown}
 s - 5 potions of attraction {unknown}
 t - 3 potions of might {unknown}
 v - a potion of lignification {unknown}
 z - 2 potions of cancellation {unknown}
 A - 2 potions of heal wounds {unknown}
 B - a potion of enlightenment {unknown}
 D - a potion of berserk rage {unknown}
 F - 2 potions of haste {unknown}


   Skills:
 + Level 8.8 Fighting
 - Level 1.7 Dodging
 - Level 2.1 Stealth
 - Level 15.0 Unarmed Combat
 - Level 1.7 Spellcasting
 - Level 3.6 Summonings


You had 11 spell levels left.
You knew the following spells:

 Your Spells              Type           Power      Damage    Failure   Level
a - Summon Small Mammal   Summ           44%        N/A       56%         1

Your spell library contained the following spells:

 Spells                   Type           Power      Damage    Failure   Level
 Call Imp                 Summ           22%        N/A       71%         2
 Call Canine Familiar     Summ           11%        N/A       91%         3
 Shock                    Conj/Air       4%         1d3       97%         1
 Blink                    Tloc           2%         N/A       99%         2
 Lesser Beckoning         Tloc           2%         N/A       99%         2
 Momentum Strike          Conj/Tloc      2%         3d8       99%         2
 Static Discharge         Conj/Air       2%         3-4/arc   99%         2
 Dazzling Flash           Conj/Hex       2%         N/A       100%        3
 Ozocubu's Armour         Ice            1%         N/A       100%        3
 Swiftness                Air            1%         N/A       100%        3
 Volatile Blastmotes      Fire/Tloc      2%         2d10      100%        3
 Airstrike                Air            0%         2d(1-17)  100%        4
 Summon Blazeheart Golem  Fire/Summ      6%         N/A       100%        4
 Summon Lightning Spire   Summ/Air       6%         N/A       100%        4
 Starburst                Conj/Fire      0%         6d3       100%        6
 Maxwell's Capacitive Co  Air            0%         ∞         100%        8
 Chain Lightning          Conj/Air       0%         2d1       100%        9
 Fire Storm               Conj/Fire      0%         6d1       100%        9
 Shatter                  Erth           0%         3d5*      100%        9


Dungeon Overview and Level Annotations

Branches:
Dungeon (9/15)             Temple (1/1) D:6         Ossuary (visited)
   Lair: D:8-11         Orc: D:9-12

Altars:
Ashenzari
Cheibriados
Dithmenos
Fedhas
Gozag
Hepliaklqana
Kikubaaqudgha
Makhleb
Nemelex Xobeh
Okawaru
Qazlal
Ru
Sif Muna
Trog
Uskayaw
Vehumet
Wu Jian
Xom
Yredelemnul

Shops:
D:1 *   D:2 *   D:3 *   D:4 *   D:7 (

Annotations:
D:7 exclusion: door


Innate Abilities, Weirdness & Mutations

You are immune to poison.
You have sharp fingernails.
Your flesh is cold resistant. (rC+)
You are immune to negative energy. (rN+++)
You do not regenerate when monsters are visible.
You are immune to unholy pain and torment.
You thrive by killing the living.


Message History

Unknown command.
You completely miss the centaur warrior.
The centaur warrior hits you. The centaur warrior kicks you.
The orc barely misses you.
The bullfrog hits you but does no damage.
Unknown command.
You mangle the centaur warrior!!
The centaur warrior is heavily wounded.
The centaur warrior hits you.
The centaur warrior kicks you but does no damage.
The bullfrog hits you but does no damage.
Unknown command.
You claw the centaur warrior! x2
The centaur warrior is severely wounded.
The centaur warrior hits you!
* * * LOW HITPOINT WARNING * * *
The centaur warrior kicks you but does no damage.
The bullfrog hits you.
* * * LOW HITPOINT WARNING * * *
You closely miss the centaur warrior.
The centaur warrior is severely wounded.
The centaur warrior hits you.
* * * LOW HITPOINT WARNING * * *
The centaur warrior kicks you but does no damage.
The orc hits you but does no damage.
The orc throws a boomerang.
An orc comes into view. It is wielding a +0 whip.
You hear some strange, mumbled words.
Something tries to affect you, but you resist.
You block the bullfrog's attack. The orc closely misses you.
Unknown command.
The orc shouts!
You claw the centaur warrior!
The centaur warrior is almost dead.
The centaur warrior hits you!
* * * LOW HITPOINT WARNING * * *
The centaur warrior kicks you but does no damage.
The bullfrog closely misses you. The orc hits you with a +0 whip.
* * * LOW HITPOINT WARNING * * *
The orc completely misses you. The centaur warrior hits you.
You die...

.............##
......$......o.
..............#
............. ...
........o.... #...
..)......o.# .....
... #..F{c.## >..<.
...?#..o@o#.# ......
.##?........##......
....................
#....†<)...$.......
....................
.)..................
#............?!.....
.............##...$.
.............# ...#.


You could see a centaur warrior, a bullfrog, an orc wizard and 4 orcs.

Vanquished Creatures
  A centaur warrior (D:9)
  The ghost of Gadfly the Ruffian, an amateur DrSh of Ru (D:7)
  Grinder (D:3)
  3 yaks (D:8)
  2 steam dragons
  Grum (D:9)
  A water moccasin (D:7)
  5 sky beasts
  An orc warrior (D:8)
  A black bear (D:7)
  3 ogres (D:5)
  3 centaurs
  3 wolves (D:8)
  A kobold brigand (D:6)
  3 bullfrogs
  4 scorpions
  8 water moccasin zombies (Ossuary)
  13 wights
  A burial acolyte (Ossuary)
  4 howler monkeys
  2 bombardier beetles
  3 centaur zombies (D:8)
  5 hounds
  3 orc priests
  A jelly (D:6)
  A gnoll bouda (D:5)
  2 iguanas
  A sleepcap (D:5)
  7 orc wizards
  Natasha (thrice) (D:3)
  Terence (D:3)
  A killer bee zombie (D:8)
  2 crocodile zombies (Ossuary)
  A bullfrog simulacrum (Ossuary)
  3 mummies
  5 gnolls
  6 adders
  A shadow imp (D:7)
  4 adder zombies (Ossuary)
  2 ribbon worms
  2 dart slugs
  27 orcs
  8 ball pythons
  4 endoplasms
  2 giant cockroaches
  8 gnoll zombies (Ossuary)
  9 goblins
  2 hobgoblins
  A jackal (D:5)
  11 kobolds
  4 quokkas
  7 bats
  4 frilled lizards
  2 jackal zombies (Ossuary)
  3 orc zombies (Ossuary)
  6 rats
214 creatures vanquished.

Notes
Turn   | Place    | Note
-------+----------+-------------------------------------------
     0 | D:1      | SnakkuSnakku7 the Ghoul Summoner began the quest for the
                  | Orb.
     0 | D:1      | Reached XP level 1. HP: 14/14 MP: 3/3
   224 | D:1      | Reached skill level 1 in Fighting
   224 | D:1      | Reached skill level 1 in Unarmed Combat
   292 | D:1      | Reached XP level 2. HP: 23/23 MP: 4/4
   683 | D:1      | Found Rusefea's General Store.
   695 | D:1      | Bought a scroll of fear for 48 gold pieces
  1156 | D:2      | Reached XP level 3. HP: 24/29 MP: 5/5
  1237 | D:2      | Reached skill level 2 in Unarmed Combat
  1424 | D:2      | Found Rikets's General Store.
  1649 | D:2      | Reached XP level 4. HP: 37/37 MP: 6/6
  1788 | D:3      | Noticed Natasha
  1793 | D:3      | Killed Natasha
  1794 | D:3      | Reached skill level 3 in Unarmed Combat
  2096 | D:3      | Noticed Natasha
  2115 | D:3      | Killed Natasha
  2116 | D:3      | Reached XP level 5. HP: 28/45 MP: 7/7
  2243 | D:3      | Noticed Terence
  2259 | D:3      | Killed Terence
  2307 | D:3      | Found Nuwutwes's Assorted Antiques.
  2685 | D:3      | Noticed Natasha
  2695 | D:3      | Killed Natasha
  2769 | D:3      | Noticed Grinder
  2789 | D:3      | Paralysed by Grinder for 3 turns
  2803 | D:3      | Killed Grinder
  2804 | D:3      | Reached skill level 5 in Fighting
  2804 | D:3      | Reached skill level 4 in Unarmed Combat
  2804 | D:3      | Reached XP level 6. HP: 25/56 MP: 8/8
  2963 | D:3      | Reached skill level 5 in Unarmed Combat
  3033 | D:4      | Reached XP level 7. HP: 59/61 MP: 9/9
  3351 | D:4      | Found Pusm's Assorted Antiques.
  3374 | D:4      | Reached skill level 6 in Unarmed Combat
  3695 | D:3      | Bought a scroll labelled TEIVU QETA for 24 gold pieces
  3695 | D:3      | Bought a scroll labelled TEIVU QETA for 24 gold pieces
  3695 | D:3      | Bought a sedimented brown potion for 21 gold pieces
  3695 | D:3      | Bought a scroll labelled EQEFFE VITAI for 24 gold pieces
  3695 | D:3      | Bought a scroll labelled SIKIUTW SEFREHO for 24 gold pieces
  3720 | D:5      | Entered Level 5 of the Dungeon
  3721 | D:5      | Found a blossoming altar of Fedhas.
  3776 | D:5      | Reached skill level 7 in Unarmed Combat
  4129 | D:5      | Reached XP level 8. HP: 65/68 MP: 10/10
  4193 | D:5      | Reached skill level 8 in Unarmed Combat
  4536 | D:5      | Reached skill level 9 in Unarmed Combat
  4711 | D:4      | Bought a scroll labelled LAVVA VINES for 32 gold pieces
  4711 | D:4      | Bought a scroll labelled EFFEYH UDO for 32 gold pieces
  4711 | D:4      | Bought a scroll labelled EQEFFE VITAI for 32 gold pieces
  4711 | D:4      | Bought a scroll labelled TUTASE MUSIEJO for 32 gold pieces
  4811 | D:6      | Reached skill level 10 in Unarmed Combat
  4954 | D:6      | Reached XP level 9. HP: 48/74 MP: 11/11
  4965 | D:6      | Found a staircase to the Ecumenical Temple.
  4983 | Temple   | Entered the Ecumenical Temple
  4996 | Temple   | Became a worshipper of Uskayaw the Reveller
  5044 | D:6      | Found a sand-covered staircase.
  5048 | Ossuary  | Entered an ossuary
  5054 | Ossuary  | Reached * piety under Uskayaw
  5056 | Ossuary  | Reached skill level 11 in Unarmed Combat
  5057 | Ossuary  | Reached ** piety under Uskayaw
  5151 | Ossuary  | Reached *** piety under Uskayaw
  5161 | Ossuary  | Reached **** piety under Uskayaw
  5315 | Ossuary  | Reached skill level 12 in Unarmed Combat
  5476 | D:6      | Found a basalt altar of Yredelemnul.
  5824 | D:7      | Found a stormy altar of Qazlal.
  5840 | D:7      | Reached skill level 13 in Unarmed Combat
  5947 | D:7      | Found Zoteqafe's Antique Weapon Boutique.
  5974 | D:7      | Reached ***** piety under Uskayaw
  6000 | D:7      | Found a runed translucent door.
  6002 | D:7      | Noticed Gadfly's ghost (amateur DrSh)
  6081 | D:7      | Got the Handbook of the Several Nightmares
  6116 | D:7      | Found a shimmering blue altar of Sif Muna.
  6135 | D:7      | Identified the +3 scale mail "Foimaed" {rPois Str+3}
  6186 | D:7      | Reached XP level 10. HP: 63/81 MP: 12/12
  6192 | D:7      | Reached skill level 14 in Unarmed Combat
  6219 | D:7      | Found an iron altar of Okawaru.
  6442 | D:7      | Killed Gadfly's ghost
  6791 | D:8      | Reached skill level 15 in Unarmed Combat
  7338 | D:9      | Noticed Grum
  7453 | D:9      | Noticed a centaur warrior
  7457 | D:9      | Killed Grum
  7461 | D:9      | Noticed a centaur warrior
  7469 | D:9      | Killed a centaur warrior
  7477 | D:9      | HP: 4/90 [orc/+0 whip (2)]
  7477 | D:9      | Slain by a centaur warrior

Illustrated notes

Levels and vault maps discovered:
D:1:      ebering_trefoil_twist, layout_basic, serial_shops, shop,
          minmay_tromino_v4_b
D:2:      layout_basic, serial_aquarium, aquarium_bridge_straight
          [aquarium_subvault_bridge, aquarium_subvault_wall,
          aquarium_subvault_bridge, aquarium_subvault_wall],
          aquarium_bridge_square [aquarium_subvault_bridge,
          aquarium_subvault_bridge, aquarium_subvault_wall,
          aquarium_subvault_bridge], aquarium_window_2, aquarium_window_fake,
          aquarium_view_2g, aquarium_view_2e, aquarium_balcony_double_3,
          aquarium_pool_2, serial_shops, shop
D:3:      layout_basic, serial_shops, shop_statue, kennysheep_generic_room_13,
          uniq_natasha, uniq_grinder, uniq_terence
D:4:      layout_basic, serial_shops, shop
D:5:      layout_basic, jmf_multi_god_temple
D:6:      layout_rooms, general_overflow_altar, minmay_temple_entry_trees,
          nicolae_ossuary_entry_false_entrances, hangedman_decor_lopped
D:7:      layout_cave_pools, led_sif_book, nicolae_qazlal_scattered_showers,
          okawaru_altar_gauntlet_db, hellmonk_ghost_happy_afterlife,
          serial_shops, nicolae_shop_overgrown_old_shop, st_stairs_6
D:8:      layout_basic, minmay_mini_ossuary
D:9:      minmay_chopped_fan, layout_cave_pools, uniq_grum
Temple:   nicolae_temple_elliptical

Skill      XL: |  1  2  3  4  5  6  7  8  9 10 |
---------------+-------------------------------+-----
Fighting       | 1 2 3 5 8 |  8.8
Unarmed Combat | 1 2 3 4 5 7 10 13 15 | 15.0
Dodging        | |  1.7
Stealth        | |  2.1
Spellcasting   | |  1.7
Summonings     | |  3.6

Action                     |  1- 3 |  4- 6 |  7- 9 | 10-12 || total
---------------------------+-------+-------+-------+-------++-------
  Melee: Unarmed           |   128 |   121 |   385 |   126 ||   760
         Punch             |     2 |     5 |    25 |    11 ||    43
   Stab: Sleeping          |     6 |       |       |       ||     6
         Paralysed         |       |       |     8 |     7 ||    15
 Armour: Robe              |    40 |       |       |       ||    40
         Chain mail        |    47 |    90 |   264 |   103 ||   504
  Dodge: Dodged            |    61 |    26 |   135 |    35 ||   257
  Block: Other             |       |       |       |    18 ||    18
         Reflection        |       |       |       |     1 ||     1
